 Dungeon Crawl Stone Soup version 0.30-a0-1160-g6e42c06551 (webtiles) character file.

Game seed: 4320675352091526231

11617 greenreed the Fighter (level 11, -1/105 HPs)
             Began as a Minotaur Fighter on Apr 26, 2023.
             Was a Priest of Nemelex Xobeh.
             Slain by a manticore (20 damage)
             ... on level 12 of the Dungeon.
             The game lasted 00:21:06 (10203 turns).

greenreed the Fighter (Minotaur Fighter)           Turns: 10203, Time: 00:21:07

Health: -1/105     AC: 11    Str: 22    XL:     11   Next: 51%
Magic:  14/14      EV:  9    Int:  5    God:    Nemelex Xobeh [***...]
Gold:   845        SH:  6    Dex: 15    Spells: 10/10 levels left

rFire   . . .        R - +1 hand axe of Synn {vamp, rPois rC++ rN+ Str-4}
rCold   + + .        c - +0 buckler
rNeg    + + .        b - +0 scale mail
rPois   +            (helmet restricted)
rElec   .            (no cloak)
rCorr   .            q - +0 pair of gloves
SInv    .            L - +0 pair of boots
Will    .....        U - amulet of regeneration Stlth
                     m - +6 ring of dexterity
HPRegen 1.17/turn    v - ring of positive energy
MPRegen 0.14/turn

%: no passive effects
@: mighty
A: horns 2, retaliatory headbutt
a: Renounce Religion, Draw Escape, Draw Destruction, Draw Summoning, Triple Draw


You were on level 12 of the Dungeon.
You worshipped Nemelex Xobeh.
Nemelex Xobeh was most pleased with you.
You visited 2 branches of the dungeon, and saw 13 of its levels.
You also visited: Ossuary.

You collected 845 gold pieces.

Inventory:

Hand Weapons
 a - a +0 war axe
 R - the +1 hand axe of Synn (weapon) {vamp, rPois rC++ rN+ Str-4}
   (You found it on level 10 of the Dungeon)

   Str:       It affects your strength (-4).
   rC:        It greatly protects you from cold.
   rPois:     It protects you from poison.
   rN:        It protects you from negative energy.
Missiles
 J - a throwing net (quivered)
Armour
 b - a +0 scale mail (worn)
 c - a +0 buckler (worn)
 q - a +0 pair of gloves (worn)
 L - a +0 pair of boots (worn)
Magical Staves
 w - the staff of poison "Paqirghabaho" {rPois rC++ rCorr}
   (You found it on level 4 of the Dungeon)

   [staff of poison]

   Base accuracy: +5 Base damage: 5 Base attack delay: 1.2 This weapon's minimum
   attack delay (0.6) is reached at skill level 12.
   rC:        It greatly protects you from cold.
   rPois:     It protects you from poison.
   rCorr:     It protects you from acid and corrosion.
   It falls into the 'Staves' category.
   It is a one-handed weapon.
Jewellery
 m - a +6 ring of dexterity (left hand)
 o - an amulet of magic regeneration
 v - a ring of positive energy (right hand)
 C - a +6 ring of dexterity
 N - a ring of flight
 Q - a ring of poison resistance
 U - an amulet of regeneration (around neck)
Wands
 u - a wand of flame (16)
 A - a wand of iceblast (15)
 G - a wand of light (8)
 T - a wand of mindburst (10)
Scrolls
 e - 6 scrolls of noise {unknown}
 g - 9 scrolls of identify {unknown}
 h - a scroll of silence {unknown}
 j - 2 scrolls of blinking {unknown}
 l - 2 scrolls of brand weapon {unknown}
 n - 2 scrolls of fog {unknown}
 p - 7 scrolls of teleportation {unknown}
 s - 2 scrolls of amnesia {unknown}
 t - 6 scrolls of enchant armour {unknown}
 y - 2 scrolls of magic mapping {unknown}
 B - 4 scrolls of immolation {unknown}
 E - a scroll of summoning {unknown}
 F - 4 scrolls of poison {unknown}
 I - a scroll of torment {unknown}
 P - a scroll of acquirement {unknown}
 S - a scroll of fear {unknown}
 V - a scroll of vulnerability {unknown}
Potions
 d - 5 potions of might
 f - 4 potions of mutation {unknown}
 i - 3 potions of brilliance {unknown}
 k - 5 potions of heal wounds
 r - 4 potions of flight {unknown}
 x - 4 potions of curing
 z - 2 potions of degeneration {unknown}
 D - 2 potions of lignification {unknown}
 H - 3 potions of cancellation {unknown}
 K - 2 potions of haste {unknown}
 M - a potion of resistance {unknown}
 O - 4 potions of attraction {unknown}


   Skills:
 * Level 12.6 Fighting
 * Level 12.3 Axes
 + Level 9.4 Armour
 + Level 9.4 Shields
 + Level 5.6 Invocations


You had 10 spell levels left.
You didn't know any spells.
Your spell library contained the following spells:

 Spells                   Type           Power      Damage    Failure   Level
 Static Discharge         Conj/Air       0%         2-2/arc   91%         2
 Inner Flame              Hex/Fire       0%         N/A       99%         3
 Ozocubu's Armour         Ice            0%         N/A       99%         3
 Summon Guardian Golem    Hex/Summ       0%         N/A       99%         3
 Volatile Blastmotes      Fire/Tloc      0%         2d10      99%         3
 Airstrike                Air            0%         2d(0-16)  100%        4
 Flame Wave               Conj/Fire      0%         2d4       100%        4
 Fulminant Prism          Conj/Hex       0%         3d5       100%        4
 Iskenderun's Mystic Bla  Conj/Tloc      0%         2d3       100%        4
 Petrify                  Tmut/Erth      0%         N/A       100%        4
 Sticky Flame             Conj/Fire      0%         2d3       100%        4
 Summon Lightning Spire   Summ/Air       0%         N/A       100%        4
 Lee's Rapid Deconstruct  Erth           0%         3d4*      100%        5
 Metabolic Englaciation   Hex/Ice        0%         N/A       100%        5
 Statue Form              Tmut/Erth      0%         N/A       100%        6
 Orb of Destruction       Conj           0%         9d5       100%        7
 Ozocubu's Refrigeration  Ice            0%         4d7       100%        7
 Spellforged Servitor     Conj/Summ      0%         N/A       100%        7


Dungeon Overview and Level Annotations

Branches:
Dungeon (12/15)            Temple (1/1) D:6            Lair (0/5) D:10
    Orc (0/2) D:11        Ossuary (visited)

Altars:
Ashenzari
Cheibriados
Dithmenos
Elyvilon
Fedhas
Gozag
Hepliaklqana
Kikubaaqudgha
Makhleb
Nemelex Xobeh
Okawaru
Qazlal
Ru
Sif Muna
Trog
Uskayaw
Vehumet
Wu Jian
Xom
Yredelemnul
Zin
The Shining One

Shops:
D:7 :   D:11 (


Innate Abilities, Weirdness & Mutations

You have a pair of horns on your head.
You reflexively headbutt those who attack you in melee.


Message History

The manticore is moderately wounded.
The manticore bites you!! The manticore claws you!
You block the manticore's attack.
You hit the manticore.
You feel better.
The manticore is moderately wounded.
You hit the manticore.
The manticore is heavily wounded.
You block the manticore's attack.
The manticore claws you but does no damage.
You block the manticore's attack.
You completely miss the manticore. Your headbutt misses the manticore.
The manticore is heavily wounded.
The manticore bites you! The manticore claws you.
The manticore claws you but does no damage.
You feel very mighty all of a sudden. The manticore bites you.
The manticore closely misses you. The manticore claws you!
* * * LOW HITPOINT WARNING * * *
You hit the manticore. Your headbutt misses the manticore.
The manticore is heavily wounded.
You slash the manticore!
The manticore is heavily wounded.
You carefully extract the barbed spikes from your body.
The manticore bites you!
* * * LOW HITPOINT WARNING * * *
The manticore claws you!
* * * LOW HITPOINT WARNING * * *
The manticore claws you but does no damage.
You slash the manticore! Your headbutt misses the manticore.
The manticore is severely wounded.
The manticore barely misses you. You block the manticore's attack.
The manticore claws you.
* * * LOW HITPOINT WARNING * * *
Unknown command.
You feel better. The manticore bites you!
* * * LOW HITPOINT WARNING * * *
The manticore closely misses you. The manticore barely misses you.
It was a potion of heal wounds.
You feel much better. The manticore bites you!!
You die...
Your body glows slightly and disappears.

.# .# .#
##.# ...#
#..#
###H.#
#..@.#
#.#.## #
#.# #.#
#.# # #.#
#.#.#
##.#.####
#.......##


You could see a manticore.

Vanquished Creatures
  Erica (D:9)
  A two-headed ogre (D:11)
  A manticore (D:11)
  A cyclops (D:11)
  A rime drake (D:10)
  A kobold demonologist (D:10)
  2 trolls
  A polar bear (D:10)
  Grinder (D:4)
  The ghost of hattop the Magician, an amateur OpHW (D:5)
  3 wraiths
  A shadow (D:9)
  A vampire (D:9)
  8 yaks (D:11)
  3 wyverns
  6 vampire mosquitoes
  A steam dragon (D:9)
  An acid dragon (D:10)
  3 orc warriors
  A black bear (D:8)
  2 ogres
  8 ice beasts
  8 centaurs
  2 wolves (D:10)
  The ghost of BlasphemerAmon the Caller, an amateur GnSu (D:3)
  A phantom (D:7)
  A kobold brigand (D:9)
  A bullfrog (D:8)
  A gnoll sergeant (D:9)
  3 scorpions
  A water moccasin zombie (Ossuary)
  5 wights (D:8)
  16 killer bees
  7 howler monkeys
  5 orc priests
  4 jellies
  6 hounds
  A sleepcap (D:4)
  Jessica (D:2)
  2 iguanas
  7 orc wizards
  2 mummies (Ossuary)
  3 gnolls (D:9)
  11 adders
  3 shadow imps
  3 white imps
  5 adder zombies (Ossuary)
  2 worms (D:2)
  3 dart slugs
  41 orcs
  4 endoplasms
  2 giant cockroaches
  2 gnoll zombies (Ossuary)
  2 goblins
  5 hobgoblins
  11 kobolds
  2 quokkas
  4 ball pythons
  6 bats
  6 hobgoblin zombies (Ossuary)
  3 kobold zombies (Ossuary)
  3 orc zombies (Ossuary)
245 creatures vanquished.

Vanquished Creatures (others)
  A human (D:9)
  A demonic plant (D:3)
  13 fungi (D:11)
  3 toadstools (D:11)
18 creatures vanquished.

Grand Total: 263 creatures vanquished

Notes
Turn   | Place    | Note
-------+----------+-------------------------------------------
     0 | D:1      | greenreed the Minotaur Fighter began the quest for the Orb.
     0 | D:1      | Reached XP level 1. HP: 19/19 MP: 0/0
   228 | D:1      | Reached XP level 2. HP: 20/27 MP: 1/1
   899 | D:2      | Reached XP level 3. HP: 33/33 MP: 2/2
  1037 | D:2      | Noticed Jessica
  1045 | D:2      | Killed Jessica
  1137 | D:2      | Reached XP level 4. HP: 41/41 MP: 3/3
  1930 | D:3      | Reached skill level 5 in Fighting
  1930 | D:3      | Reached XP level 5. HP: 11/48 MP: 4/4
  2225 | D:3      | Found a faded altar of an unknown god.
  2267 | D:3      | Found a runed translucent door.
  2267 | D:3      | Noticed BlasphemerAmon's ghost (amateur GnSu)
  2341 | D:3      | Noticed an angel
  2342 | D:3      | Found a glowing silver altar of Zin.
  2566 | D:3      | Killed BlasphemerAmon's ghost
  2622 | D:4      | Reached XP level 6. HP: 56/56 MP: 5/5
  2731 | D:4      | Reached skill level 5 in Axes
  2778 | D:4      | Identified the staff of poison "Paqirghabaho" {rPois rC++
                  | rCorr}
  2865 | D:4      | Noticed Grinder
  2866 | D:4      | Paralysed by Grinder for 2 turns
  2874 | D:4      | Killed Grinder
  2875 | D:4      | Reached skill level 5 in Armour
  2875 | D:4      | Reached skill level 5 in Shields
  2875 | D:4      | Reached XP level 7. HP: 41/63 MP: 6/6
  3271 | D:5      | Entered Level 5 of the Dungeon
  3548 | D:5      | Noticed hattop's ghost (amateur OpHW)
  3551 | D:5      | Found a runed translucent gate.
  3552 | D:5      | Found a runed translucent gate.
  3552 | D:5      | Found a runed translucent gate.
  3834 | D:5      | Reached XP level 8. HP: 52/73 MP: 7/7
  4118 | D:5      | Killed hattop's ghost
  4222 | D:6      | Found a staircase to the Ecumenical Temple.
  4229 | Temple   | Entered the Ecumenical Temple
  4240 | Temple   | Became a worshipper of Nemelex Xobeh the Trickster
  4253 | D:6      | Found a sand-covered staircase.
  4264 | Ossuary  | Entered an ossuary
  4550 | D:6      | Found a burning altar of Makhleb.
  4553 | D:6      | Found a blossoming altar of Fedhas.
  5077 | D:6      | Found a stormy altar of Qazlal.
  5079 | D:6      | Found an opulent altar of Gozag.
  5133 | D:6      | Reached skill level 1 in Invocations
  5532 | D:7      | Found a bloodstained altar of Trog.
  5712 | D:7      | Found a glowing golden altar of the Shining One.
  5730 | D:7      | Reached XP level 9. HP: 51/82 MP: 9/9
  5945 | D:7      | Found Ytwy's Book Shop.
  5967 | D:7      | Reached * piety under Nemelex Xobeh
  6010 | D:7      | Found a shimmering blue altar of Sif Muna.
  6886 | D:8      | Found a shimmering altar of Xom.
  7034 | D:8      | Found a white marble altar of Elyvilon.
  7106 | D:9      | Noticed Erica
  7110 | D:10     | Entered Level 10 of the Dungeon
  7134 | D:10     | Identified the +1 hand axe of Synn {vamp, rPois rC++ rN+
                  | Str-4}
  7240 | D:10     | Reached skill level 10 in Fighting
  7475 | D:10     | Noticed a polar bear
  7486 | D:10     | Killed a polar bear
  7491 | D:10     | Reached skill level 10 in Axes
  7491 | D:10     | Reached XP level 10. HP: 75/93 MP: 11/11
  7521 | D:10     | Found a staircase to the Lair.
  7555 | D:10     | Reached ** piety under Nemelex Xobeh
  7555 | D:10     | Received a gift from Nemelex Xobeh
  7585 | D:10     | Found a snail-covered altar of Cheibriados.
  8220 | D:9      | Found a shadowy altar of Dithmenos.
  8401 | D:9      | Found an ancient bone altar of Kikubaaqudgha.
  8596 | D:9      | Reached *** piety under Nemelex Xobeh
  8825 | D:9      | Killed Erica
  9122 | D:11     | Received a gift from Nemelex Xobeh
  9131 | D:11     | Found a staircase to the Orcish Mines.
  9170 | D:11     | Reached XP level 11. HP: 83/104 MP: 13/13
  9183 | D:11     | Reached skill level 5 in Invocations
  9578 | D:11     | Found Veaxytsi's Weapon Boutique.
  9647 | D:11     | Found a stormy altar of Qazlal.
  9783 | D:11     | HP: 2/105 [manticore (12)]
  9933 | D:11     | Noticed a two-headed ogre
  9940 | D:11     | Killed a two-headed ogre
 10202 | D:12     | HP: 2/105 [manticore (12)]
 10203 | D:12     | Slain by a manticore

Illustrated notes

Levels and vault maps discovered:
D:1:      scummos_arrival_forest, layout_loops_ring
D:2:      layout_loops_corners, uniq_jessica
D:3:      cheibrodos_pilgrimage, layout_loops_cross, zin_angel,
          gammafunk_ghost_grave, shapermc_ecumenical_altar_gd
D:4:      layout_loops_ring, uniq_grinder
D:5:      layout_loops_cross, gammafunk_ghost_split
D:6:      layout_loops_ring, nicolae_overflow_hidden_temple,
          minmay_temple_entry_drinking_statues, enter_ossuary_2, hex_large,
          kennysheep_generic_room_2
D:7:      layout_rooms, mainiacjoe_overflow_24_doors, lemuel_round_altar,
          led_sif_pool, serial_shops, shop
D:8:      layout_cave_pools, minitemple, serial_column_ruins,
          column_ruins_pillar_6, column_ruins_pillar_5, column_ruins_pillar_6,
          column_ruins_pillar_3, column_ruins_pillar_6, column_ruins_pillar_12,
          column_ruins_pillar_1, column_ruins_pillar_5, column_ruins_pillar_10,
          column_ruins_pillar_9, column_ruins_pillar_1, column_ruins_pillar_7,
          column_ruins_pillar_2, column_ruins_pillar_5, column_ruins_pillar_3,
          minivault_14
D:9:      layout_small_grid, tgw_kikubaaqudgha,
          nicolae_dithmenos_through_a_glass_darkly, minivault_24, uniq_erica
D:10:     layout_roguey [special_room_orc], amcnicky_altar_gilded,
          hellmonk_lair_entry_icy
D:11:     layout_loops_cross, orc_0_dummy, serial_shops, shop,
          minmay_gold_behind_fungi, nicolae_qazlal_eye_of_the_storm
D:12:     layout_loops_ring, uniq_gastronok
Temple:   chequers_temple_sunken

Skill      XL: |  1  2  3  4  5  6  7  8  9 10 11 |
---------------+----------------------------------+-----
Fighting       | 4 5 6 7 8 10 11 12 | 12.6
Axes           | 3 4 5 6 8 10 11 12 | 12.3
Armour         | 4 5 6 7 8 9 |  9.4
Shields        | 4 5 6 7 8 9 |  9.4
Invocations    | 1 3 4 5 |  5.6

Action                     |  1- 3 |  4- 6 |  7- 9 | 10-12 || total
---------------------------+-------+-------+-------+-------++-------
  Melee: War axe           |    36 |    84 |   250 |    27 ||   397
         Headbutt          |     1 |    15 |    59 |    83 ||   158
         Hand axe          |       |       |    84 |   354 ||   438
  Evoke: Wand              |       |       |       |     3 ||     3
    Use: Potion            |       |       |     2 |    10 ||    12
   Stab: Invisible         |       |       |       |     2 ||     2
 Armour: Scale mail        |    21 |    28 |   118 |   153 ||   320
  Dodge: Dodged            |    22 |    20 |    93 |   162 ||   297
  Block: Buckler           |     7 |    12 |    81 |   125 ||   225

Table legend: (Time is in decaauts)
 A = Elapsed time spent in this place.
 B = Non-inter-level travel time spent in this place.
 C = Inter-level travel time spent in this place.
 D = Time resting spent in this place.
 E = Time spent auto-exploring this place.
 F = Levels seen in this place.
 G = Mean time per level.
                   A        B        C        D        E       F      G
               +--------+--------+--------+--------+--------+-----+--------+
         Total |  10225 |   9593 |    632 |    430 |   7546 |  14 |  730.4 |
       Dungeon |   9835 |   9233 |    602 |    430 |   7281 |  12 |  819.6 |
        Temple |    214 |    184 |     30 |      0 |    164 |   1 |  214.0 |
       Ossuary |    175 |    175 |      0 |      0 |    101 |   1 |  175.0 |
               +--------+--------+--------+--------+--------+-----+--------+

Top non-repeatable levels by time:
     D:2: 1024 daAuts
    D:10: 1016 daAuts
    D:11: 975 daAuts
     D:3: 963 daAuts
     D:6: 954 daAuts
     D:7: 933 daAuts
     D:5: 921 daAuts
     D:9: 916 daAuts
     D:8: 693 daAuts
     D:4: 678 daAuts
     D:1: 646 daAuts
  Temple: 214 daAuts
 Ossuary: 175 daAuts
    D:12: 112 daAuts
